 Dungeon Crawl Stone Soup version 0.31-a0-889-g1a8549509d (webtiles) character file.

Game seed: 11783576632566972712

53590 Pooter the Severer (level 14, -7/132 HPs)
             Began as a Minotaur Berserker on Oct 15, 2023.
             Was a Priest of Trog.
             Mangled by an orc knight
             ... wielding a +0 broad axe
              (8 damage)
             ... on level 1 of the Orcish Mines on Oct 16, 2023.
             The game lasted 01:36:48 (35250 turns).

Pooter the Severer (Minotaur Berserker)            Turns: 35250, Time: 01:36:49

Health: -7/132     AC: 16    Str: 24    XL:     14   Next: 31%
Magic:  11/11      EV:  7    Int:  4    God:    Trog [***...]
Gold:   456        SH:  5    Dex: 13    Spells: 13/13 levels left

rFire   + . .        a - +5 battleaxe
rCold   . . .        (shield currently unavailable)
rNeg    . . .        V - +0 plate armour {rF+}
rPois   .            (helmet unavailable)
rElec   .            U - +0 cloak
rCorr   .            M - +0 pair of gloves {Stlth+}
SInv    +            y - +0 pair of boots
Will    +....        I - amulet of reflection Stlth
                     S - ring of see invisible
HPRegen 0.42/turn    (no ring)
MPRegen 0.12/turn

%: reflection
@: mighty, on berserk cooldown, slowed, studying Stealth, very slow
A: horns 3, retaliatory headbutt, iridescent scales 1, low MP 1
a: Renounce Religion, Berserk, Trog's Hand


You were on level 1 of the Orcish Mines.
You worshipped Trog.
Trog was most pleased with you.
You visited 3 branches of the dungeon, and saw 19 of its levels.

You collected 1098 gold pieces.
You spent 642 gold pieces at shops.

Inventory:

Hand Weapons
 a - a +5 battleaxe (weapon)
   (You took it off a wight on level 8 of the Dungeon)
 b - a +4 longbow of flaming
   (You found it on level 3 of the Lair of Beasts)
 A - a +5 halberd of freezing
   (You took it off a wight on level 7 of the Dungeon)
 B - a +6 vampiric trident
   (You took it off a gnoll sergeant on level 5 of the Dungeon)
 E - a +3 morningstar
   (You took it off a wight on level 8 of the Dungeon)
 G - a +4 demon trident of electrocution
   (You took it off Urug on level 10 of the Dungeon)
 L - a +1 antimagic arbalest
   (You took it off a gnoll on level 5 of the Dungeon)
 N - a +0 war axe
   (You took it off an orc on level 4 of the Dungeon)
 P - a +1 battleaxe of freezing
   (You took it off a wight on level 7 of the Dungeon)
Missiles
 c - 34 poisoned darts (quivered)
 r - 17 boomerangs
 F - 5 javelins
 H - 2 datura-tipped darts
 Q - 106 stones
Armour
 m - a +1 plate armour
   (You found it on level 2 of the Dungeon)
 y - a +0 pair of boots (worn)
   (You found it on level 6 of the Dungeon)
 M - a +0 pair of gloves of stealth (worn)
   (You bought it in a shop on level 10 of the Dungeon)
 U - a +0 cloak (worn)
   (You found it on level 12 of the Dungeon)
 V - a +0 plate armour of fire resistance (worn)
   (You took it off an orc warlord on level 1 of the Orcish Mines)
Jewellery
 I - an amulet of reflection (around neck)
   (You found it on level 10 of the Dungeon)
 J - a ring of ice
   (You found it on level 2 of the Lair of Beasts)
 S - a ring of see invisible (left hand)
   (You took it off a gnoll bouda on level 7 of the Dungeon)
Wands
 d - a wand of iceblast (20)
   (You found it on level 2 of the Dungeon)
 e - a wand of mindburst (20)
   (You took it off a kobold on level 5 of the Dungeon)
 f - a wand of flame (34)
   (You found it on level 6 of the Dungeon)
 l - a wand of polymorph (14)
   (You took it off Pikel on level 7 of the Dungeon)
 x - a wand of acid (3)
   (You found it on level 3 of the Lair of Beasts)
 D - a wand of digging (5)
   (You found it on level 4 of the Lair of Beasts)
 O - a wand of charming (9)
   (You found it on level 4 of the Lair of Beasts)
Scrolls
 g - 3 scrolls of fog
 h - 3 scrolls of noise {!r}
 i - 2 scrolls of identify {@r1}
 k - a scroll of silence
 n - 2 scrolls of blinking
 t - 9 scrolls of teleportation {@r4}
 u - a scroll of immolation {!r}
 v - 2 scrolls of poison {!r}
 w - 3 scrolls of revelation
Potions
 j - 3 potions of heal wounds {@q2}
 o - 3 potions of lignification {!q}
 p - a potion of ambrosia
 q - a potion of haste {@q3}
 s - 6 potions of curing {@q1}
 z - 2 potions of enlightenment
 K - 2 potions of attraction {!q}
 R - a potion of invisibility
Miscellaneous
 T - a condenser vane
   (You found it on level 12 of the Dungeon)


   Skills:
 + Level 14.2 Fighting
 * Level 18.7(19.1) Axes
 - Level 6.9(13.9) Polearms
 * Level 16.0 Ranged Weapons
 - Level 2.4 Armour
 - Level 2.1 Dodging
 + Level 3.5 Stealth
 + Level 2.2 Evocations


You had 13 spell levels left.
You didn't know any spells.
Your spell library was empty.

Dungeon Overview and Level Annotations

Branches:
Dungeon (12/15) Zot: 19488  Temple (0/1) D:6            Lair (5/5) D:9 Zot: 16613
  Swamp (0/4) Lair:2       Spider (0/4) Lair:2        Slime (0/5) Lair:5
    Orc (2/2) D:12 Zot: 11347
    Elf: Orc:2

Altars:
Cheibriados
Gozag
Kikubaaqudgha
Makhleb
Qazlal
Ru
Wu Jian
Xom
Yredelemnul
Zin
The Shining One
Jiyva

Shops:
D:8 [   D:10 **   D:11 *

Portals:
Trove: D:11 (give +6 demon trident)


Innate Abilities, Weirdness & Mutations

You have a pair of large horns on your head.
You reflexively headbutt those who attack you in melee.
You are partially covered in iridescent scales. (AC +2)
Your magical capacity is low. (-10% MP)


Message History

The orc warrior hits you from afar with a +0 glaive!!
* * * LOW HITPOINT WARNING * * *
You feel a strong urge to attack something.
Your skin stops crawling.
You feel less strong-willed.
The orc warrior hits you from afar with a +0 trident!
* * * LOW HITPOINT WARNING * * *
The orc priest attacks as it pursues you!
The orc priest hits you with a +0 flail!
* * * LOW HITPOINT WARNING * * *
The orc priest begins to cast a cantrip, but forgets the words!
The orc knight unwields a +0 arbalest.
The orc knight wields a +0 broad axe.
The orc knight barely misses you. You furiously retaliate!
You headbutt the orc knight!
There is a stone staircase leading up, spattered with blood here.
The orc warrior barely misses you.
You climb upwards.
You feel your anger nearly subside.
You are no longer berserk.
You are exhausted.
You feel yourself slow down.
There is a stone staircase leading down, spattered with blood here.
You see here a +0 falchion.
You feel very mighty all of a sudden.
The orc priest mumbles some strange prayers to Beogh against you.
You resist with significant effort. You block the orc priest's attack.
The orc knight hits you with a +0 broad axe!
* * * LOW HITPOINT WARNING * * *
The orc priest barely misses you.
The orc priest hits you but does no damage.
The orc knight hits you with a +0 broad axe.
* * * LOW HITPOINT WARNING * * *
You barely miss the orc knight. You barely miss the orc priest. x2
The orc priest calls down the wrath of Beogh upon you.
You resist with significant effort.
The orc priest hits you with a +0 flail!
* * * LOW HITPOINT WARNING * * *
The orc knight hits you but does no damage.
You closely miss the orc knight. You slash the orc priest!
You slice the orc priest!!
You kill the orc priest!
Trog accepts your kill.
The orc priest hits you with a +0 flail.
* * * LOW HITPOINT WARNING * * *
The orc knight closely misses you.
You slash the orc knight! You slice the orc priest!!
You kill the orc priest!
Trog accepts your kill. The orc knight closely misses you.
You barely miss the orc knight. You headbutt the orc knight!
The orc knight hits you with a +0 broad axe!
You die...

###..........##
###..........#
##............#
#............##
##...#........#
#...#.........#
##.##........##
##.......o)[.#
#........)@<##
#.....#..)[##
#....#...[..##
##............#
#.............#
##...#.#......##
#..............#
##.#.#.#.##.#.##
#####.#####...#


You could see an orc knight.

Vanquished Creatures
  An orc warlord (Orc:1)
  A hydra (Lair:2)
  3 catoblepae (Lair:5)
  An ogre mage (D:8)
  A two-headed ogre (D:11)
  8 death yaks
  Urug (D:10)
  A fire crab (Lair:5)
  A skyshark (Lair:4)
  Pikel (D:7)
  A necromancer (Lair:4)
  A shining eye (D:10)
  5 manticores
  2 ugly things (D:12)
  2 oklob plants (Lair:1)
  4 elephants
  5 black mambas
  2 gargoyles (D:12)
  10 cane toads
  2 torpor snails
  2 rime drakes (Lair:3)
  8 komodo dragons
  6 unseen horrors
  6 trolls
  The ghost of deremet the Covert, an amateur GnDe (D:4)
  A polar bear (Lair:4)
  The ghost of Shayle the Trooper, an amateur DsWr of Ashenzari (D:5)
  Prince Ribbit (D:5)
  2 hornets (D:8)
  12 blink frogs
  6 dream sheep (Lair:5)
  11 slime creatures (D:12)
  6 wyverns
  60 yaks
  2 vampires
  4 basilisks
  5 vampire mosquitoes
  14 water moccasins
  An acid dragon (D:8)
  7 orc warriors
  3 black bears
  3 ice beasts
  4 wolves
  5 ogres
  6 centaurs
  3 lemures (D:7)
  4 phantoms
  2 kobold brigands
  17 bullfrogs
  A gnoll sergeant (D:5)
  4 scorpions
  18 wights
  A troll zombie (D:12)
  4 killer bees
  2 howler monkeys (D:8)
  4 electric eels
  6 jellies (Lair:5)
  A gnoll bouda (D:7)
  6 hounds
  14 orc priests
  2 iguanas
  10 orc wizards
  4 yak simulacra (Lair:4)
  2 wolf simulacra (Lair:4)
  7 ogre zombies (D:12)
  17 gnolls
  5 adders
  2 shadow imps
  4 ufetubi
  4 dart slugs
  32 orcs
  A ball python (D:3)
  5 bats
  7 endoplasms
  7 giant cockroaches
  2 goblins
  8 hobgoblins
  2 jackals (D:4)
  22 kobolds
  4 quokkas
  3 frilled lizards
  6 goblin zombies (D:12)
  A hobgoblin skeleton (D:12)
  2 hobgoblin zombies (D:12)
  3 orc skeletons (D:12)
  13 orc zombies (D:12)
  5 rats
  5 river rat simulacra (Lair:4)
502 creatures vanquished.

Vanquished Creatures (others)
  2 kobolds (D:5)
2 creatures vanquished.

Grand Total: 504 creatures vanquished

Notes
Turn   | Place    | Note
-------+----------+-------------------------------------------
     0 | D:1      | Pooter the Minotaur Berserker began the quest for the Orb.
     0 | D:1      | Reached XP level 1. HP: 19/19 MP: 0/0
   147 | D:1      | Reached skill level 4 in Axes
   485 | D:1      | Reached XP level 2. HP: 27/27 MP: 1/1
   915 | D:2      | Found a faded altar of an unknown god.
   942 | D:2      | Reached XP level 3. HP: 31/33 MP: 2/2
  1001 | D:2      | Reached skill level 5 in Axes
  1181 | D:2      | Reached XP level 4. HP: 41/41 MP: 3/3
  1228 | D:2      | Reached ** piety under Trog
  1606 | D:3      | Reached skill level 6 in Axes
  1615 | D:3      | Reached skill level 5 in Fighting
  1615 | D:3      | Reached XP level 5. HP: 42/48 MP: 4/4
  1745 | D:3      | Found a burning altar of Makhleb.
  2242 | D:4      | Noticed a phantom
  2260 | D:4      | Killed a phantom
  2635 | D:4      | Found a large runed translucent door.
  2635 | D:4      | Found a large runed translucent door.
  2639 | D:4      | Noticed deremet's ghost (amateur GnDe)
  2662 | D:4      | Found a sacrificial altar of Ru.
  2678 | D:4      | Reached skill level 7 in Axes
  2678 | D:4      | Reached XP level 6. HP: 56/56 MP: 5/5
  3048 | D:4      | Identified the +0 leather armour of the Saviour {rPois rF-
                  | Str+3}
  3416 | D:5      | Entered Level 5 of the Dungeon
  3428 | D:5      | Reached skill level 8 in Axes
  3443 | D:5      | Reached XP level 7. HP: 63/63 MP: 6/6
  3579 | D:5      | Found a shimmering altar of Xom.
  3604 | D:5      | Noticed Prince Ribbit
  3617 | D:5      | Killed Prince Ribbit
  3618 | D:5      | Reached skill level 9 in Axes
  3814 | D:5      | Reached skill level 1 in Ranged Weapons
  3861 | D:5      | Found a stormy altar of Qazlal.
  3940 | D:5      | Reached XP level 8. HP: 69/73 MP: 2/7
  4015 | D:5      | Found a runed translucent gate.
  4015 | D:5      | Found a runed translucent gate.
  4015 | D:5      | Found a runed translucent gate.
  4017 | D:5      | Noticed Shayle's ghost (amateur DsWr)
  4343 | D:5      | Reached *** piety under Trog
  4788 | D:6      | Reached skill level 1 in Polearms
  4822 | D:6      | Reached skill level 10 in Axes
  5090 | D:6      | Found a staircase to the Ecumenical Temple.
  5301 | D:6      | Identified the +0 leather armour of Misanthropy {Will+
                  | Regen+ rCorr}
  5348 | D:6      | Found an opulent altar of Gozag.
  5513 | D:6      | Reached skill level 5 in Ranged Weapons
  5513 | D:6      | Reached XP level 9. HP: 32/81 MP: 2/8
  6130 | D:7      | Reached skill level 5 in Polearms
  6913 | D:7      | Noticed Pikel
  6920 | D:7      | Killed Pikel
  7288 | D:8      | Reached skill level 11 in Axes
  7381 | D:8      | Paralysed by a hornet for 3 turns
  7620 | D:8      | Noticed an ogre mage
  7624 | D:8      | Killed an ogre mage
  7625 | D:8      | Reached XP level 10. HP: 91/91 MP: 2/9
  8642 | D:8      | Found Daniel's Dragon-Slaying Spoils.
  8802 | D:9      | Reached **** piety under Trog
  8910 | D:9      | Reached skill level 12 in Axes
  9304 | D:9      | Found a staircase to the Lair.
  9701 | D:9      | Found an ornate altar of the Wu Jian Council.
 10289 | D:10     | Entered Level 10 of the Dungeon
 10293 | D:10     | Reached skill level 10 in Fighting
 11067 | D:10     | Found an ancient bone altar of Kikubaaqudgha.
 11070 | D:10     | Found a glowing silver altar of Zin.
 11089 | D:10     | Noticed Urug
 11113 | D:10     | Reached skill level 13 in Axes
 11113 | D:10     | Reached XP level 11. HP: 68/100 MP: 3/10
 11309 | D:10     | Killed Urug
 11310 | D:10     | Reached skill level 10 in Ranged Weapons
 11446 | D:10     | Noticed a centaur warrior
 11449 | D:10     | a centaur warrior changed into a shining eye
 11449 | D:10     | Noticed a shining eye
 11455 | D:10     | Found Huallas's Assorted Antiques.
 11457 | D:10     | Killed a shining eye
 11588 | D:10     | Found Vimniare's Assorted Antiques.
 11592 | D:10     | Bought a scroll labelled ASUPOTWA CUAH for 23 gold pieces
 11596 | D:10     | Bought a clear potion for 27 gold pieces
 11596 | D:10     | Bought a scroll labelled RIR ZYVUTSUZO for 31 gold pieces
 11596 | D:10     | Bought a pair of runed gloves for 232 gold pieces
 12104 | D:10     | Found a basalt altar of Yredelemnul.
 12104 | D:10     | Found a snail-covered altar of Cheibriados.
 12204 | Lair:1   | Entered Level 1 of the Lair of Beasts
 12284 | Lair:1   | Noticed an oklob plant
 12292 | Lair:1   | Noticed an oklob plant
 12302 | Lair:1   | Killed an oklob plant
 12311 | Lair:1   | Killed an oklob plant
 12523 | Lair:1   | Reached skill level 14 in Axes
 12626 | Lair:1   | Found a shimmering altar of Xom.
 13458 | Lair:2   | Noticed a four-headed hydra
 13518 | Lair:2   | Killed a four-headed hydra
 13779 | Lair:2   | Reached XP level 12. HP: 109/110 MP: 3/11
 13934 | Lair:2   | Reached skill level 15 in Axes
 14123 | Lair:2   | Found a hole to the Spider Nest.
 14498 | Lair:2   | Found a staircase to the Swamp.
 14985 | Lair:2   | Upgraded the game from 0.31-a0-879-g1609e0ac53 to
                  | 0.31-a0-881-ge136f0c47a
 15157 | Lair:3   | HP: 3/112 [black mamba (8)]
 16526 | Lair:3   | Noticed Nessos
 16532 | Lair:3   | Nessos changed into Nessos the unseen horror
 16532 | Lair:3   | Noticed Nessos
 16538 | Lair:3   | Killed Nessos the unseen horror
 17058 | Lair:3   | Reached skill level 16 in Axes
 18296 | Lair:4   | Reached XP level 13. HP: 93/116 MP: 12/12
 18354 | Lair:4   | Upgraded the game from 0.31-a0-881-ge136f0c47a to
                  | 0.31-a0-889-g1a8549509d
 18454 | Lair:5   | Entered Level 5 of the Lair of Beasts
 19099 | Lair:5   | Reached skill level 17 in Axes
 20775 | Lair:5   | Identified the +6 rapier of Pandemonium {drain, rElec rN+}
 21419 | Lair:5   | Found a staircase to the Slime Pits.
 21420 | Lair:5   | Found a viscous altar of Jiyva.
 24031 | Lair:4   | Reached skill level 15 in Ranged Weapons
 25058 | Lair:5   | Reached skill level 18 in Axes
 25387 | Lair:5   | Identified a scroll of acquirement
 25388 | Lair:5   | Acquired a manual of Stealth
 25661 | D:4      | Killed deremet's ghost
 25727 | D:5      | Killed Shayle's ghost
 25894 | D:10     | Found a glowing golden altar of the Shining One.
 26002 | D:11     | Gained mutation: Your magical capacity is low. (-10% MP)
                  | [potion of mutation]
 26002 | D:11     | Gained mutation: Your spells are a little easier to cast,
                  | but a little less powerful. [potion of mutation]
 26003 | D:11     | Lost mutation: Your spells are a little easier to cast, but
                  | a little less powerful. [potion of mutation]
 26003 | D:11     | Lost mutation: Your magical capacity is low. (-10% MP)
                  | [potion of mutation]
 26003 | D:11     | Gained mutation: You occasionally lose the ability to drink
                  | potions when taking damage. [potion of mutation]
 26003 | D:11     | Gained mutation: Your spells are a little easier to cast,
                  | but a little less powerful. [potion of mutation]
 26003 | D:11     | Gained mutation: You are partially covered in iridescent
                  | scales. (AC +2) [potion of mutation]
 26004 | D:11     | Lost mutation: You occasionally lose the ability to drink
                  | potions when taking damage. [potion of mutation]
 26004 | D:11     | Lost mutation: You are partially covered in iridescent
                  | scales. (AC +2) [potion of mutation]
 26004 | D:11     | Lost mutation: Your spells are a little easier to cast, but
                  | a little less powerful. [potion of mutation]
 26004 | D:11     | Gained mutation: You are partially covered in iridescent
                  | scales. (AC +2) [potion of mutation]
 26004 | D:11     | Gained mutation: Your magical capacity is low. (-10% MP)
                  | [potion of mutation]
 26004 | D:11     | Gained mutation: You have a pair of large horns on your
                  | head. [potion of mutation]
 26137 | D:11     | Found a portal to a secret trove of treasure.
 26195 | D:11     | Found Ikhluhayr's General Store.
 26201 | D:11     | Bought a potion of might for 56 gold pieces
 26201 | D:11     | Bought a scroll of blinking for 105 gold pieces
 26201 | D:11     | Bought a potion of invisibility for 112 gold pieces
 26201 | D:11     | Bought a scroll of fog for 56 gold pieces
 26412 | D:11     | Reached skill level 1 in Stealth
 26704 | D:11     | Reached XP level 14. HP: 130/130 MP: 11/11
 26763 | D:11     | Reached skill level 1 in Evocations
 31506 | D:12     | Identified the +4 acid dragon scales "Nusymn" {Contam
                  | +Blink rCorr Str+8 Int-5}
 33391 | D:12     | Found a staircase to the Orcish Mines.
 34617 | Orc:1    | Entered Level 1 of the Orcish Mines
 34944 | Orc:2    | Entered Level 2 of the Orcish Mines
 34953 | Orc:2    | Noticed an orc warlord
 35116 | Orc:1    | Killed an orc warlord
 35247 | Orc:1    | HP: 5/132 [orc priest/+0 flail[an orc warlord] (8)]
 35248 | Orc:1    | HP: 1/132 [orc priest/+0 flail[an orc warlord] (5)]
 35250 | Orc:1    | Mangled by an orc knight

Illustrated notes

Levels and vault maps discovered:
D:1:      sevenhm_arrival_forest_fort_large_3, layout_basic, serial_bayou,
          serial_bayou_lagoon_b, serial_bayou_shore_a, serial_bayou_pond_c,
          serial_bayou_lagoon_a
D:2:      layout_rooms, ebering_ecumenical_altar_mist,
          kennysheep_generic_room_10
D:3:      layout_loops_cross, mainiacjoe_overflow_six_doors_small
D:4:      layout_basic, kennysheep_mini, ebering_ghost_disaster_area
D:5:      layout_basic, mainiacjoe_overflow_tiny_flanked,
          general_overflow_altar, gammafunk_ghost_nasty_kobolds,
          lightli_minifort, uniq_prince_ribbit1
D:6:      layout_gridville, grunt_gozag_statues,
          minmay_temple_entry_statues_pillars, serial_bayou_ford_a
D:7:      layout_loops_ring, kennysheep_diamond, uniq_pikel
D:8:      layout_loops_corners, nicolae_shop_dragon_depot,
          palyth_stone_intersect, kennysheep_just_a_vault
D:9:      layout_basic, mainiacjoe_overflow_alcove_2, erik_lair_island,
          kennysheep_dice
D:10:     layout_rooms, nicolae_overflow_hidden_temple, minivault_16,
          glass_columns_b, nicolae_wooded_promenade, st_stairs_2, uniq_urug
D:11:     layout_roguey, nicolae_trove_entry_crossroad, serial_shops,
          nicolae_shop_statue_plus
D:12:     layout_cave_pods, zombieorc2_lemuel
Lair:1:   minmay_lair_oklob_chamber, layout_regular_city, basic_altar
Lair:2:   layout_cave_pods, minmay_swamp_entry_reptiles,
          nicolae_spider_entry_non_spiders
Lair:3:   layout_chaotic_city, beast_lair_carwin_3, grunt_megastairs_2,
          serial_bayou_shore_b, uniq_nessos
Lair:4:   layout_concentric_octagons, eino_house_with_fridge
Lair:5:   evilmike_catoblepas_cave, layout_misc_corridors,
          nicolae_slime_entry_slimehenge, grunt_megastairs_3
Orc:1:    layout_caves, nicolae_shop_overcharged_wands
Orc:2:    grunt_orc_gardens, layout_diamond_mine, grunt_orc_garden,
          grunt_orc_garden, grunt_orc_garden, grunt_orc_garden

Skill      XL: |  1  2  3  4  5  6  7  8  9 10 11 12 13 14 |
---------------+-------------------------------------------+-----
Axes           | 4 5 6 7 8 9 10 11 13 14 16 18 | 18.7
Fighting       | 4 5 6 7 8 9 10 11 12 13 14 | 14.2
Ranged Weapons | 2 5 7 9 11 13 15 16 | 16.0
Polearms       | 4 6 |  6.9
Stealth        | 1 3 |  3.5
Evocations     | 2 |  2.2
Armour         | |  2.4
Dodging        | |  2.1

Action                     |  1- 3 |  4- 6 |  7- 9 | 10-12 | 13-15 || total
---------------------------+-------+-------+-------+-------+-------++-------
  Melee: Hand axe          |    57 |    76 |       |       |       ||   133
         Headbutt          |    10 |    18 |    16 |    67 |    78 ||   189
         War axe           |       |    43 |    37 |       |       ||    80
         Punch             |       |       |     2 |       |       ||     2
         Trident           |       |       |    47 |       |       ||    47
         Halberd           |       |       |    65 |       |       ||    65
         Battleaxe         |       |       |     5 |   304 |   300 ||   609
         Demon trident     |       |       |       |    38 |       ||    38
   Fire: Arbalest          |       |       |    74 |   163 |       ||   237
         Longbow           |       |       |       |    25 |   257 ||   282
  Throw: Dart              |       |     4 |     8 |     9 |     1 ||    22
 Invoke: Berserk           |     1 |     3 |    11 |     5 |    11 ||    31
         Trog's Hand       |       |     3 |     5 |    17 |    13 ||    38
  Evoke: Wand              |       |       |     9 |     8 |     1 ||    18
    Use: Scroll            |     3 |     9 |     4 |    15 |     4 ||    35
         Potion            |       |       |       |     4 |     4 ||     8
   Stab: Sleeping          |     2 |       |       |       |       ||     2
         Distracted        |       |     1 |       |       |       ||     1
 Armour: Animal skin       |    13 |       |       |       |       ||    13
         Plate armour      |     4 |    82 |   187 |   429 |   297 ||   999
  Dodge: Dodged            |    22 |    47 |    64 |   138 |    83 ||   354
  Block: Other             |       |       |       |    51 |    71 ||   122
         Reflection        |       |       |       |     3 |     6 ||     9

Table legend: (Time is in decaauts)
 A = Elapsed time spent in this place.
 B = Non-inter-level travel time spent in this place.
 C = Inter-level travel time spent in this place.
 D = Time resting spent in this place.
 E = Time spent auto-exploring this place.
 F = Levels seen in this place.
 G = Mean time per level.
                   A        B        C        D        E       F      G
               +--------+--------+--------+--------+--------+-----+--------+
         Total |  35772 |  35115 |    657 |  18806 |  12583 |  19 | 1882.7 |
       Dungeon |  21735 |  21283 |    452 |  10687 |   8311 |  12 | 1811.2 |
          Lair |  13386 |  13183 |    203 |   7711 |   4150 |   5 | 2677.2 |
  Orcish Mines |    651 |    651 |      0 |    408 |    121 |   2 |  325.5 |
               +--------+--------+--------+--------+--------+-----+--------+

Top non-repeatable levels by time:
    D:12: 7511 daAuts
  Lair:5: 6612 daAuts
  Lair:3: 2322 daAuts
    D:10: 1932 daAuts
     D:9: 1796 daAuts
  Lair:2: 1719 daAuts
     D:7: 1500 daAuts
     D:8: 1489 daAuts
  Lair:4: 1478 daAuts
     D:6: 1368 daAuts
     D:5: 1327 daAuts
     D:4: 1272 daAuts
  Lair:1: 1254 daAuts
    D:11: 1251 daAuts
     D:1: 897 daAuts
